 Dungeon Crawl Stone Soup version 0.21.1-1-g345015f (webtiles) character file.

245 tidbits the Charmwright (level 6, 50/50 HPs)
             Began as a Gnoll Skald on June 20, 2018.
             Quit the game on level 5 of the Dungeon.
             The game lasted 00:06:41 (859 turns).

tidbits the Charmwright (Gnoll Skald)                Turns: 859, Time: 00:06:42

Health: 50/50      AC:  4    Str: 13    XL:     6   Next: 10%
Magic:  13/13      EV: 14    Int: 18    God:
Gold:   113        SH:  0    Dex: 14    Spells: 4/15 levels left

rFire    . . .     SeeInvis .   a - +0 hand axe
rCold    . . .     Gourm    .   (no shield)
rNeg     . . .     Faith    .   b - +0 leather armour
rPois    .         Spirit   .   (no helmet)
rElec    .         Reflect  .   C - +0 cloak
rCorr    .         Harm     +   (no gloves)
MR       .....                  (no boots)
Stlth    +.........             j - amulet of harm
HPRegen  0.16/turn              g - ring of loudness (curse)
MPRegen  0.13/turn              (no ring)

@: no status effects
A: distributed training, fangs 1, strong nose
a: no special abilities


You were on level 5 of the Dungeon.
You were very hungry.

You visited 1 branch of the dungeon, and saw 6 of its levels.
You also visited: Sewer.

You collected 113 gold pieces.

Inventory:

Hand Weapons
 a - a +0 hand axe (weapon)
 m - a +0 quarterstaff
Armour
 b - a +0 leather armour (worn)
 e - a +0 buckler
 C - a +0 cloak (worn)
Jewellery
 g - a cursed ring of loudness (left hand)
   (You found it on level 3 of the Dungeon)
 j - an amulet of harm (around neck)
   (You found it on level 5 of the Dungeon)
Wands
 s - a wand of digging (17)
Scrolls
 h - a scroll of remove curse
 i - 4 scrolls of identify
 l - a scroll of blinking {unknown}
 n - 2 scrolls of teleportation
 r - a scroll of enchant weapon {unknown}
 t - a scroll of fog {unknown}
Potions
 f - a potion of heal wounds
 k - a potion of cancellation
 o - a potion of brilliance {unknown}
 p - a potion of curing
 q - 2 potions of magic {unknown}
Books
 c - a book of Battle

   Spells                             Type                      Level
   a - Infusion                       Charms                       1
   b - Shroud of Golubria             Charms/Translocation         2
   c - Song of Slaying                Charms                       2
   d - Spectral Weapon                Hexes/Charms                 3
   e - Regeneration                   Charms/Necromancy            3
Comestibles
 d - 6 rations


   Skills:
 + Level 4.9 Fighting
 + Level 1.7 Short Blades
 + Level 1.7 Long Blades
 + Level 4.9 Axes
 + Level 1.7 Maces & Flails
 + Level 1.7 Polearms
 + Level 1.7 Staves
 + Level 1.7 Slings
 + Level 1.7 Bows
 + Level 1.7 Crossbows
 + Level 1.7 Throwing
 + Level 3.1 Armour
 + Level 4.9 Dodging
 + Level 1.7 Stealth
 + Level 1.7 Shields
 + Level 1.7 Unarmed Combat
 + Level 5.3 Spellcasting
 + Level 1.3 Conjurations
 + Level 1.3 Hexes
 + Level 5.6 Charms
 + Level 1.3 Summonings
 + Level 1.3 Necromancy
 + Level 1.3 Translocations
 + Level 1.3 Transmutations
 + Level 1.3 Fire Magic
 + Level 1.3 Ice Magic
 + Level 1.3 Air Magic
 + Level 1.3 Earth Magic
 + Level 1.3 Poison Magic
 + Level 2.0 Invocations
 + Level 1.7 Evocations


You had 4 spell levels left.
You knew the following spells:

 Your Spells              Type           Power        Failure   Level  Hunger
g - Shroud of Golubria    Chrm/Tloc      ###.......   6%          2    #......
i - Infusion              Chrm           ####         1%          1    None
r - Regeneration          Chrm/Necr      ###.......   12%         3    ##.....
w - Spectral Weapon       Hex/Chrm       ###.....     12%         3    ##.....
y - Song of Slaying       Chrm           ####....     2%          2    #......


Dungeon Overview and Level Annotations

Branches:
Dungeon (6/15)
 Temple: D:4-7

Altars:


Innate Abilities, Weirdness & Mutations

Your experience applies equally to all skills.
You have very sharp teeth.
Your uncanny sense of smell can sniff out nearby items.


Message History

Moving in this stuff is going to be slow.
You see here a scroll labeled DATIOP EZAR.
n - 3 scrolls labeled DATIOP EZAR (gained 1)
There is a gate leading back out of this place here.
Welcome back to the Dungeon!
Your summoned ally is left behind.
Your spectral weapon fades away.
There is a collapsed entrance here.
Unknown command.
You enter the shallow water.
Moving in this stuff is going to be slow.
You see here a ration.
d - 5 rations (gained 1)
You see here a ration.
d - 6 rations (gained 1)
Found a short sword and a scroll labeled DEXARO LAHADGHI.
Found a stone staircase leading up.
You found a teleport trap!
Really walk into that teleport trap? [Y]es or [N]o only, please.
Really walk into that teleport trap?
Okay, then.
You see here a scroll labeled DEXARO LAHADGHI.
r - a scroll labeled DEXARO LAHADGHI
There is a stone staircase leading up here.
You climb upwards.
Found 12 gold pieces and a gold wand.
There is a stone staircase leading down here.
Unknown command.
You see here 12 gold pieces.
You now have 72 gold pieces (gained 12).
You see here a wand of digging (17).
s - a wand of digging (17)
You open the door.
Found 8 gold pieces.
There is an open door here.
You see here 8 gold pieces.
You now have 80 gold pieces (gained 8).
Found 17 gold pieces.
You open the door.
An adder comes into view.
The adder hisses angrily.
Found 11 gold pieces.
Casting: Spectral Weapon
Confirm with . or Enter, or press ? or * to list all spells.
You miscast Spectral Weapon.
You are very lightly contaminated with residual magic.
Your hands glow momentarily.
Casting: Spectral Weapon
Confirm with . or Enter, or press ? or * to list all spells.
You draw out your weapon's spirit!
You hit the adder but do no damage.
Your spectral weapon hits the adder.
The adder closely misses you. The adder bites you.
You are poisoned.
The adder poisons you!
You closely miss the adder. You punch the adder, but do no damage.
The adder is heavily wounded.
You feel sick.
Your spectral weapon closely misses the adder.
The adder bites you but does no damage.
You closely miss the adder.
The adder is heavily wounded.
Your spectral weapon closely misses the adder.
The adder bites you but does no damage. The adder barely misses you.
You closely miss the adder.
The adder is heavily wounded.
Your spectral weapon hits the adder!
You kill the adder!
Your Invocations skill increases to level 2!
You feel sick.
You see here 17 gold pieces.
You now have 97 gold pieces (gained 17).
Found 5 gold pieces.
You feel sick.
You see here 11 gold pieces.
You now have 108 gold pieces (gained 11).
You feel sick.
You are no longer poisoned.
Your spectral weapon fades away.
You see here 5 gold pieces.
You now have 113 gold pieces (gained 5).
You open the door.
Your magical contamination has completely faded away.
Found a scroll labeled CUIB HIDUGECWUXZY.
There is an open door here.
Found 23 stones.
You are feeling very hungry.
There is an open door here.
You see here a scroll labeled CUIB HIDUGECWUXZY.
t - a scroll labeled CUIB HIDUGECWUXZY You open the door.
There is an open door here.
You open the door.
There is an open door here.
You open the door.
Found an escape hatch in the ceiling.
There is an open door here.
As you read the scroll labeled DATIOP EZAR, it crumbles to dust.
You feel strangely unstable.
It was a scroll of teleportation.
Your surroundings suddenly seem different.
Are you sure you want to abandon this character and quit the game? (Confirm with "yes".)

#...........#'##.##
###'#########.#####
#.............#...
#.............#...
##'###..########.##
#....#### #. #
#....# .. # #....#
... # #.@..# #... #
#....# #... #
#....# #### #
######


There were no monsters in sight!

Vanquished Creatures
  A sky beast (D:6)
  A centaur zombie (D:5)
  A worker ant zombie (D:5)
  6 adders
  A river rat (Sewer)
  An ooze (D:5)
  2 worms
  A dart slug (D:3)
  An orc (D:3)
  3 goblins
  3 hobgoblins
  4 jackals (D:3)
  A kobold (D:2)
  2 ball pythons (Sewer)
  2 bats
  6 frilled lizards
  6 rats
42 creatures vanquished.

Notes
Turn   | Place    | Note
-------+----------+-------------------------------------------
     0 | D:1      | tidbits the Gnoll Skald began the quest for the Orb.
     0 | D:1      | Reached XP level 1. HP: 20/20 MP: 6/6
    68 | D:3      | Reached XP level 2. HP: 23/26 MP: 1/7
    75 | D:2      | Learned a level 2 spell: Song of Slaying
    78 | D:2      | Learned a level 2 spell: Shroud of Golubria
   193 | D:2      | Reached skill level 5 in Spellcasting
   193 | D:2      | Reached XP level 3. HP: 18/31 MP: 0/9
   291 | D:3      | Reached skill level 1 in Invocations
   295 | D:3      | HP: 3/31 [adder (4)]
   299 | D:3      | Reached skill level 1 in Short Blades
   299 | D:3      | Reached skill level 1 in Long Blades
   299 | D:3      | Reached skill level 1 in Maces & Flails
   299 | D:3      | Reached skill level 1 in Polearms
   299 | D:3      | Reached skill level 1 in Staves
   299 | D:3      | Reached skill level 1 in Slings
   299 | D:3      | Reached skill level 1 in Bows
   299 | D:3      | Reached skill level 1 in Crossbows
   299 | D:3      | Reached skill level 1 in Throwing
   299 | D:3      | Reached skill level 1 in Stealth
   299 | D:3      | Reached skill level 1 in Shields
   299 | D:3      | Reached skill level 1 in Unarmed Combat
   299 | D:3      | Reached skill level 1 in Evocations
   304 | D:3      | Learned a level 3 spell: Regeneration
   308 | D:3      | Learned a level 3 spell: Spectral Weapon
   324 | D:3      | Reached XP level 4. HP: 19/38 MP: 0/11
   348 | D:5      | Entered Level 5 of the Dungeon
   453 | D:5      | Reached skill level 1 in Conjurations
   453 | D:5      | Reached skill level 1 in Hexes
   453 | D:5      | Reached skill level 1 in Summonings
   453 | D:5      | Reached skill level 1 in Necromancy
   453 | D:5      | Reached skill level 1 in Translocations
   453 | D:5      | Reached skill level 1 in Transmutations
   453 | D:5      | Reached skill level 1 in Fire Magic
   453 | D:5      | Reached skill level 1 in Ice Magic
   453 | D:5      | Reached skill level 1 in Air Magic
   453 | D:5      | Reached skill level 1 in Earth Magic
   453 | D:5      | Reached skill level 1 in Poison Magic
   475 | D:6      | Noticed a sky beast
   487 | D:6      | Killed a sky beast
   487 | D:6      | Reached skill level 3 in Armour
   487 | D:6      | Reached XP level 5. HP: 39/43 MP: 1/12
   511 | D:6      | Found a glowing drain.
   520 | Sewer    | Entered a sewer
   670 | Sewer    | Reached XP level 6. HP: 50/50 MP: 6/13
   803 | D:5      | Reached skill level 2 in Invocations
   859 | D:5      | Quit the game

Skill      XL: |  1  2  3  4  5  6 |
---------------+-------------------+-----
Spellcasting   | 5 |  5.3
Invocations    | 1 2 |  2.0
Short Blades   | 1 |  1.7
Long Blades    | 1 |  1.7
Maces & Flails | 1 |  1.7
Polearms       | 1 |  1.7
Staves         | 1 |  1.7
Slings         | 1 |  1.7
Bows           | 1 |  1.7
Crossbows      | 1 |  1.7
Throwing       | 1 |  1.7
Stealth        | 1 |  1.7
Shields        | 1 |  1.7
Unarmed Combat | 1 |  1.7
Evocations     | 1 |  1.7
Conjurations   | 1 |  1.3
Hexes          | 1 |  1.3
Summonings     | 1 |  1.3
Necromancy     | 1 |  1.3
Translocations | 1 |  1.3
Transmutations | 1 |  1.3
Fire Magic     | 1 |  1.3
Ice Magic      | 1 |  1.3
Air Magic      | 1 |  1.3
Earth Magic    | 1 |  1.3
Poison Magic   | 1 |  1.3
Armour         | 3 |  3.1
Fighting       | |  4.9
Axes           | |  4.9
Dodging        | |  4.9
Charms         | |  5.6

Action                   |  1- 3 |  4- 6 || total
-------------------------+-------+-------++-------
Melee: Hand axe          |    43 |    47 ||    90
       Bite              |     3 |     6 ||     9
       Punch             |       |     1 ||     1
 Cast: Infusion          |     7 |       ||     7
       Song of Slaying   |     1 |       ||     1
       Spectral Weapon   |       |    10 ||    10
       Regeneration      |       |     1 ||     1
  Use: Potion            |     2 |       ||     2
       Scroll            |       |     3 ||     3
 Stab: Sleeping          |     1 |       ||     1
       Distracted        |       |     1 ||     1
Armor: Leather armour    |     8 |     9 ||    17
Dodge: Dodged            |    33 |    32 ||    65

Table legend:
 A = Turns spent in this place as a percentage of turns spent in the entire game.
 B = Non-inter-level travel turns spent in this place as a percentage of non-inter-level travel turns spent in the entire game.
 C = Inter-level travel turns spent in this place as a percentage of turns spent in this place.
 D = Turns resting spent in this place as a percentage of non-inter-level travel turns spent in this place.
 E = Turns spent auto-exploring this place as a percentage of non-inter-level travel turns spent in this place.
 F = Non-inter-level travel turns spent in this place divided by the number of levels of this place that you've seen.
                   A       B       C       D       E      F
               +-------+-------+-------+-------+-------+----------------------
         Total | 100.0 | 100.0 |   0.9 |   0.0 |   0.0 | 121.6
       Dungeon |  75.1 |  74.9 |   1.2 |   0.0 |   0.0 | 106.2
         Sewer |  24.9 |  25.1 |   0.0 |   0.0 |   0.0 | 214.0
               +-------+-------+-------+-------+-------+----------------------

Table legend:
 A = Kills in this place as a percentage of kills in entire the game.
 B = Kills by you in this place as a percentage of kills by you in the entire game.
 C = Kills by friends in this place as a percentage of kills by friends in the entire game.
 D = Other kills in this place as a percentage of other kills in the entire game.
 E = Experience gained in this place as a percentage of experience gained in the entire game.
 F = Experience gained in this place divided by the number of levels of this place that you have seen.
                   A       B       C       D       E      F
               +-------+-------+-------+-------+-------+----------------------
         Total | 100.0 | 100.0 |   N/A |   N/A | 100.0 |  50.0
       Dungeon |  71.4 |  71.4 |   N/A |   N/A |  89.4 |  52.2
         Sewer |  28.6 |  28.6 |   N/A |   N/A |  10.6 |  37.0
               +-------+-------+-------+-------+-------+----------------------

Vault maps used:
D:1:      dpeg_arrival_houses_and_road, chequers_big_river, feat_on_display
D:2:      minmay_tall_x
D:3:      minmay_crystal_room
D:5:      first_ration, doesnt_xom_only_xom
D:6:      minitemple, portal_sewer_entry_d, nrook_pool_corridor
Sewer:    sewer_co_cracked_pipes
